 Dungeon Crawl Stone Soup version 0.29-a0-892-g2c4c91d9db (webtiles) character file.

Game seed: 9675378555928710394

6790 kae the Martial Artist (level 10, 0/74 HPs)
             Began as a Demonspawn Gladiator on July 22, 2022.
             Was a Priest of Qazlal.
             Slain by a troll (9 damage)
             ... on level 10 of the Dungeon.
             The game lasted 00:10:13 (9810 turns).

kae the Martial Artist (Demonspawn Gladiator)       Turns: 9810, Time: 00:10:13

Health: 0/74       AC: 11    Str: 26      XL:     10   Next: 76%
Magic:  17/17      EV: 16    Int: 10 (11) God:    Qazlal [***...]
Gold:   575        SH:  3    Dex: 18      Spells: 9/9 levels left

rFire   . . .      SeeInvis +     - Unarmed
rCold   . . .      Faith    .   (no shield)
rNeg    . . .      Spirit   .   f - +0 troll leather armour {Pargi}
rPois   +          Reflect  .   o - +2 helmet {SInv}
rElec   .          Harm     .   E - +2 cloak {rPois}
rCorr   .          Rampage  .   k - +1 pair of gloves
Will    .....                   m - +0 pair of boots
Stlth   +.........              (no amulet)
HPRegen 1.02/turn               S - +6 ring of strength
MPRegen 0.15/turn               s - +6 ring of strength

@: corroded
A: hooves 1, yellow scales 1, foul stench 2, demonic magic 2, deterioration 1,
no potion heal 1
a: Renounce Religion, Upheaval, Elemental Force


You were on level 10 of the Dungeon.
You worshipped Qazlal.
Qazlal was most pleased with you.
You visited 2 branches of the dungeon, and saw 11 of its levels.

You collected 575 gold pieces.


Innate Abilities, Weirdness & Mutations

You have large cloven feet.
You are partially covered in yellow scales. (AC +2)
You sometimes emit foul miasma when damaged in melee.
Spells you cast may paralyse nearby enemies.
Your body sometimes deteriorates upon taking damage.
Potions are less effective at restoring your health.


   Skills:
 + Level 5.4 Fighting
 - Level 1.7 Throwing
 + Level 7.6 Dodging
 * Level 11.0 Unarmed Combat
 * Level 9.6 Invocations


You had 9 spell levels left.
You didn't know any spells.
Your spell library contained the following spells:

 Spells                   Type           Power      Damage    Failure   Level
 Conjure Flame            Conj/Fire      0%         6-21      78%         3
 Ignite Poison            Fire/Tmut/Pois 0%         N/A       78%         3
 Stone Arrow              Conj/Erth      0%         3d7       78%         3
 Tukima's Dance           Hex            0%         N/A       78%         3
 Airstrike                Air            0%         0-1+      99%         4
 Animate Armour           Summ/Erth      0%         N/A       99%         4
 Passage of Golubria      Tloc           0%         N/A       99%         4
 Sticky Flame             Conj/Fire      0%         2d3       99%         4
 Summon Lightning Spire   Summ/Air       0%         N/A       99%         4
 Lightning Bolt           Conj/Air       0%         1d11      100%        5
 Yara's Violent Unravell  Hex/Tmut       0%         3d3       100%        5
 Lehudib's Crystal Spear  Conj/Erth      0%         10d2      100%        8

Inventory:

Hand Weapons
 J - the +3 rapier of Equivalence {vorpal, Int+2}
   (You found it on level 9 of the Dungeon)

   It inflicts extra damage upon your enemies.
   Int:       It affects your intelligence (+2).
Missiles
 c - 6 throwing nets (quivered) {=f!f}
 d - a javelin
 g - 88 stones
 i - 11 boomerangs
 V - 21 poisoned darts
Armour
 e - a +0 ring mail
   (You found it on level 4 of the Dungeon)
 f - a +0 troll leather armour (worn) {Pargi}
   (You found it on level 4 of the Dungeon)
 j - a +0 ring mail
   (You took it off an orc on level 8 of the Dungeon)
 k - a +1 pair of gloves (worn)
   (You found it on level 5 of the Dungeon)
 m - a +0 pair of boots (worn)
   (You found it on level 1 of the Dungeon)
 o - a +2 helmet of see invisible (worn)
   (You took it off Robin on level 2 of the Dungeon)
 w - the +0 robe "Dukomoih" {rN+}
   (You found it on level 2 of the Dungeon)

   rN:        It protects you from negative energy.
 B - a +0 robe
   (You took it off an orc wizard on level 6 of the Dungeon)
 C - a +0 robe
   (You took it off an orc wizard on level 6 of the Dungeon)
 E - a +2 cloak of poison resistance (worn)
   (You took it off Maurice on level 8 of the Dungeon)
 M - a +0 leather armour
   (You found it on level 10 of the Dungeon)
 O - a +0 leather armour
   (You found it on level 10 of the Dungeon)
 Q - a +0 ring mail
   (You found it on level 7 of the Dungeon)
 T - a +0 scale mail
   (You took it off a gnoll sergeant on level 10 of the Dungeon)
 U - a +0 robe
   (You took it off a gnoll bouda on level 7 of the Dungeon)
 W - a +0 robe
   (You took it off an orc wizard on level 7 of the Dungeon)
 X - a +0 leather armour
   (You found it on level 10 of the Dungeon)
 Y - +0 steam dragon scales
   (You found it on level 7 of the Dungeon)
 Z - a +0 robe
   (You found it on level 7 of the Dungeon)
Jewellery
 r - a ring of willpower
   (You found it on level 5 of the Dungeon)
 s - a +6 ring of strength (right hand)
   (You found it on level 3 of the Dungeon)
 F - a ring of protection from fire
   (You found it on level 6 of the Dungeon)
 I - a +6 ring of intelligence
   (You took it off an orc priest on level 4 of the Dungeon)
 L - a ring of flight
   (You took it off an orc on level 4 of the Dungeon)
 N - a ring of positive energy
   (You found it on level 3 of the Dungeon)
 R - a ring of resist corrosion
   (You found it on level 3 of the Dungeon)
 S - a +6 ring of strength (left hand)
   (You found it on level 1 of the Dungeon)
Wands
 l - a wand of quicksilver (10)
   (You found it on level 5 of the Dungeon)
 t - a wand of digging (5)
   (You took it off Maurice on level 8 of the Dungeon)
 x - a wand of paralysis (15)
   (You took it off Ijyb on level 5 of the Dungeon)
 D - a wand of mindburst (12)
   (You found it on level 6 of the Dungeon)
Scrolls
 a - 7 scrolls of identify {@r1}
 b - a scroll of butterflies
 h - 3 scrolls of magic mapping {!r}
 p - a scroll of enchant armour
 q - 6 scrolls of teleportation {@r4}
 G - a scroll of silence {!r}
 K - a scroll of fear {unknown}
Potions
 n - 2 potions of cancellation
 u - a potion of heal wounds {@q2}
 v - a potion of berserk rage {unknown}
 z - 4 potions of lignification {!q}
 A - 3 potions of flight
 H - a potion of curing {@q1}
Miscellaneous
 y - a phantom mirror
   (You found it on level 10 of the Dungeon)
 P - a piece from Xom's chessboard (15/15)
   (You found it on level 7 of the Dungeon)

Dungeon Overview and Level Annotations

Branches:
Dungeon (10/15) Zot: 26692  Temple (1/1) D:6 Zot: 5982    Lair (0/5) D:8
    Orc: D:9-12

Altars:
Ashenzari
Cheibriados
Dithmenos
Fedhas
Hepliaklqana
Kikubaaqudgha
Makhleb
Nemelex Xobeh
Okawaru
Qazlal
Ru
Sif Muna
Trog
Uskayaw
Vehumet
Wu Jian
Xom
Yredelemnul

Shops:
D:1 (   D:8 *   D:10 *(

Annotations:
D:2 Terence

.. # .# #############.. .
.......#.....#. ....... ..
.......#.....#.## ..........##
.......#.....#..# .........#...
.......#.....##.# ..........#...
.......#.....##.##.....[........
.......#........@T....#........
.#####.......#........###...[.#
.# #.......#........#.......# .#
##....####......###.......#
#####...........#...# #.......#
##..............##..# #.......###
##..............##..###..........
..........########..#8#..8.......
##........#......................


You could see a troll (very poisoned, slow).


Message History

q - 6 scrolls of teleportation {@r4} (gained 1)
You now have 544 gold pieces (gained 16).
Things that are here:
a +0 whip; a +0 flail; a +0 whip
T - a +0 scale mail
Things that are here:
a +0 trident; a gnoll corpse
Things that are here:
a +3 spear of freezing; a +0 robe
X - a +0 leather armour You enter the shallow water.
Moving in this stuff is going to be slow.
You pick up Great Wizards, Vol.
VII and begin reading...
You add the spells Tukima's Dance, Passage of Golubria and Yara's Violent Unravelling to your library.
You now have 562 gold pieces (gained 18).
Your pack is full.
You see here a phantom mirror. 😎 HP[+36]
Your hp is fully restored (74).
Your pack is full.
You see here a phantom mirror.
Could not pick up a phantom mirror here; ([A]lways) ignore it? [Y]es, [N]o, or [A]lways only, please.
Could not pick up a phantom mirror here; ([A]lways) ignore it? [Y]es, [N]o, or [A]lways only, please.
Could not pick up a phantom mirror here; ([A]lways) ignore it?
Okay, then.
Your pack is full.
You see here a phantom mirror.
Could not pick up a phantom mirror here; ([A]lways) ignore it?
Okay, then.
Unknown command.
You drop a +0 leather armour.
y - a phantom mirror You see here a +0 leather armour.
You now have 575 gold pieces (gained 13).
Key pressed, stopping explore.
An acid dragon comes into view.
An acid dragon is nearby!
An acid dragon is nearby!
Unknown command.
An acid dragon is nearby!
An acid dragon is nearby!
An acid dragon is nearby!
The acid dragon spits acid at you. The splash of acid hits you!
The acid corrodes you!
You hear a shout! 😕 HP[-7]
You take 7 damage, and now have 67/74 hp.
You closely miss the acid dragon. The acid dragon bites you.
You emit a cloud of foul miasma!
The acid dragon misses you.
You closely miss the acid dragon. You punch the acid dragon!
You punch the acid dragon, but do no damage.
The acid dragon is engulfed in dark miasma.
The acid dragon seems to slow down.
The acid dragon completely misses you.
The acid dragon barely misses you. 😕 HP[+2]
You regained 2 hp, and now have 69/74 hp.
You hit the acid dragon.
A troll comes into view.
The acid dragon is engulfed in dark miasma.
You kill the acid dragon!
Qazlal accepts your kill.
Your Unarmed Combat skill increases to level 11! 😕 HP[+2]
You regained 2 hp, and now have 71/74 hp.
You barely miss the troll. The troll bites you!
Your body deteriorates!
You feel dopey. The troll misses you. The troll claws you but does no damage.
You barely miss the troll. The troll bites you! The troll misses you.
The troll claws you!
* * * LOW HITPOINT WARNING * * *
😨 HP[-35]
You take 35 damage, and now have 36/74 hp.
MASSIVE DAMAGE!! (PAUSE)
You barely miss the troll. 😨 HP[+1]
You hit the troll. The troll bites you!
* * * LOW HITPOINT WARNING * * *
You emit a cloud of foul miasma!
You block the troll's attack. The troll misses you. 😨 HP[-9]
You take 9 damage, and now have 28/74 hp.
You hit the troll but do no damage.
The troll is engulfed in dark miasma.
The troll is poisoned.
The troll completely misses you. The troll misses you.
You block the troll's attack. 😨 HP[+1]
You hit the troll but do no damage.
The troll is engulfed in dark miasma.
The troll looks even sicker.
The troll bites you!
* * * LOW HITPOINT WARNING * * *
The troll claws you.
* * * LOW HITPOINT WARNING * * *
The troll claws you but does no damage. 😱 HP[-21]
You take 21 damage, and now have 8/74 hp.
MASSIVE DAMAGE!! (PAUSE)
You pummel the troll!!
The troll is engulfed in dark miasma.
The troll looks even sicker.
The troll seems to slow down.
The troll bites you!
You die...

Skill      XL: |  1  2  3  4  5  6  7  8  9 10 |
---------------+-------------------------------+-----
Unarmed Combat | 3 4 5 6 7 9 10 11 | 11.0
Dodging        | 3 4 5 6 7 |  7.6
Invocations    | 3 7 9 |  9.6
Fighting       | 4 5 |  5.4
Throwing       | |  1.7

Action                   |  1- 3 |  4- 6 |  7- 9 | 10-12 || total
-------------------------+-------+-------+-------+-------++-------
Melee: Unarmed           |   147 |   167 |   325 |   192 ||   831
       Punch             |     6 |     7 |    18 |    10 ||    41
  Use: Scroll            |       |    11 |     2 |     4 ||    17
       Potion            |       |     8 |     5 |       ||    13
 Stab: Sleeping          |       |     1 |     2 |       ||     3
       Paralysed         |       |       |     2 |       ||     2
Armor: Leather armour    |    52 |    85 |       |       ||   137
       Troll leather arm |       |       |   133 |    76 ||   209
Dodge: Dodged            |    97 |   169 |   281 |   213 ||   760
Block: Other             |       |       |    15 |    32 ||    47

Levels and vault maps discovered:
D:1:      dpeg_chamrin_arrival_tetris, layout_rooms,
          ebering_ecumenical_altar_hall, serial_shops, shop, serial_glass,
          glass_columns_c, glass_columns_c, glass_columns_b, glass_columns_a,
          glass_columns_a, glass_columns_b, glass_columns_a, glass_columns_a,
          glass_columns_a, glass_columns_a, feat_on_display
D:2:      layout_basic, skrybe_limestone_x, uniq_crazy_yiuf_cottage
D:3:      layout_rooms, small_statue_intersection, uniq_terence, uniq_robin
D:4:      layout_basic, serial_park_tiny_pond, uniq_pargi, uniq_grinder
D:5:      layout_basic, serial_corexii_hall, chequers_hall_statues_y,
          chequers_hall_statues_y, chequers_hall_statues_y, uniq_ijyb
D:6:      layout_loops_cross, kennysheep_vampire_church,
          lemuel_coloured_pillars_altar, minmay_temple_entry_grid
D:7:      layout_cave_pods, xom_butterflies,
          nicolae_ru_great_annihilating_truth,
          mainiacjoe_overflow_large_starburst, serial_rivers,
          chequers_serial_rivers_room_b, chequers_serial_rivers_micro_d,
          chequers_serial_rivers_micro_b, chequers_serial_rivers_micro_e
D:8:      layout_gridville, lair_entry_dummy, serial_shops,
          nicolae_take_the_stairs, uniq_amaemon, uniq_maurice
D:9:      layout_cave_pools
D:10:     layout_basic, nicolae_gozag_zags_fifth_avenue, serial_shops,
          nicolae_stop_n_shop_2, nicolae_stop_n_shop_1
Temple:   nicolae_temple_no_exploring_needed

Notes
Turn   | Place    | Note
-------+----------+-------------------------------------------
     0 | D:1      | kae the Demonspawn Gladiator began the quest for the Orb.
     0 | D:1      | Reached XP level 1. HP: 16/16 MP: 1/1
     0 | D:1      | magus.rc [v1.11.3]
    51 | D:1      | Reached skill level 3 in Unarmed Combat
   346 | D:1      | Found a faded altar of an unknown god.
   369 | D:1      | Gained mutation: You are partially covered in yellow
                  | scales. (AC +2) [demonic ancestry]
   369 | D:1      | Reached XP level 2. HP: 18/22 MP: 2/2
   426 | D:1      | Found Roeda's Antique Weapon Boutique.
   592 | D:1      | Gained mutation: You may rarely emit foul miasma when
                  | damaged in melee. [demonic ancestry]
   592 | D:1      | Reached XP level 3. HP: 13/27 MP: 3/3
  1002 | D:2      | You pick up a book of Armaments and begin reading...
  1002 | D:2      | You add the spells Stone Arrow, Animate Armour and
                  | Lehudib's Crystal Spear to your library.
  1163 | D:2      | Reached skill level 4 in Unarmed Combat
  1285 | D:2      | Identified the +0 robe "Dukomoih" {rN+}
  1595 | D:3      | Gained mutation: Spells you cast may paralyse adjacent
                  | enemies. [demonic ancestry]
  1595 | D:3      | Reached XP level 4. HP: 31/33 MP: 4/4
  1626 | D:3      | Reached skill level 3 in Dodging
  1673 | D:3      | Noticed Terence
  1725 | D:3      | Gained mutation: Your body sometimes deteriorates upon
                  | taking damage. [potion of mutation]
  1725 | D:3      | Gained mutation: Potions are less effective at restoring
                  | your health. [potion of mutation]
  1843 | D:3      | Noticed Robin
  2032 | D:2      | Killed Robin
  2441 | D:4      | Noticed Grinder
  2452 | D:5      | Entered Level 5 of the Dungeon
  2743 | D:5      | Reached XP level 5. HP: 34/38 MP: 5/5
  2809 | D:5      | HP: 5/38 [scorpion (6)]
  2810 | D:5      | HP: 2/38 [poisoned by a scorpion]
  2812 | D:5      | Reached skill level 5 in Unarmed Combat
  3108 | D:5      | Noticed a water moccasin
  3111 | D:5      | Noticed an ogre
  3129 | D:4      | Killed a water moccasin
  3130 | D:4      | Gained mutation: You sometimes emit foul miasma when
                  | damaged in melee. [demonic ancestry]
  3130 | D:4      | Reached XP level 6. HP: 32/44 MP: 6/6
  3279 | D:4      | Reached skill level 4 in Dodging
  3332 | D:4      | HP: 11/44 [orc/+0 trident (2)]
  3335 | D:4      | HP: 4/44 [orc/+0 trident (4)]
  3687 | D:4      | Reached skill level 6 in Unarmed Combat
  3804 | D:4      | Noticed Pargi
  3821 | D:4      | Killed Pargi
  3822 | D:4      | Gained mutation: Spells you cast may paralyse nearby
                  | enemies. [demonic ancestry]
  3822 | D:4      | Reached XP level 7. HP: 35/50 MP: 7/7
  4422 | D:4      | Reached skill level 7 in Unarmed Combat
  4671 | D:5      | Reached skill level 5 in Dodging
  4853 | D:5      | Reached XP level 8. HP: 56/56 MP: 8/8
  4903 | D:5      | Noticed Ijyb
  4911 | D:5      | Killed Ijyb
  5159 | D:4      | Paralysed by Grinder for 2 turns
  5169 | D:4      | Killed Grinder
  5170 | D:4      | Reached skill level 8 in Unarmed Combat
  6010 | D:6      | Found a blossoming altar of Fedhas.
  6169 | D:6      | Found a staircase to the Ecumenical Temple.
  6178 | Temple   | Entered the Ecumenical Temple
  6187 | Temple   | Became a worshipper of Qazlal Stormbringer
  6443 | D:6      | Reached skill level 6 in Dodging
  6443 | D:6      | Reached skill level 1 in Invocations
  6504 | D:6      | Reached skill level 2 in Invocations
  6660 | D:6      | Found an ancient bone altar of Kikubaaqudgha.
  6794 | D:7      | Reached skill level 9 in Unarmed Combat
  6794 | D:7      | Reached skill level 3 in Invocations
  6873 | D:7      | Found a shimmering altar of Xom.
  6962 | D:7      | Reached * piety under Qazlal
  6963 | D:7      | Gained mutation: You have large cloven feet. [demonic
                  | ancestry]
  6963 | D:7      | Reached XP level 9. HP: 62/62 MP: 11/11
  7200 | D:7      | Found a sacrificial altar of Ru.
  7288 | D:7      | Found an ornate altar of the Wu Jian Council.
  7317 | D:7      | Reached skill level 3 in Fighting
  7317 | D:7      | Reached skill level 4 in Invocations
  7794 | D:8      | HP: 16/64 [killer bee (7)]
  7798 | D:8      | Reached skill level 5 in Invocations
  7798 | D:8      | HP: 7/64 [poisoned by a killer bee]
  7800 | D:8      | HP: 2/64 [killer bee (5)]
  7904 | D:8      | You pick up a book of Storms and begin reading...
  7904 | D:8      | You add the spells Airstrike, Summon Lightning Spire and
                  | Lightning Bolt to your library.
  7913 | D:8      | Noticed an orange demon
  7965 | D:7      | Killed an orange demon
  8024 | D:8      | Reached skill level 6 in Invocations
  8068 | D:8      | Noticed Amaemon
  8078 | D:8      | HP: 14/63 [orc wizard/+0 dagger (2)]
  8080 | D:8      | HP: 1/62 [poisoned by Amaemon]
  8144 | D:7      | Killed Amaemon
  8145 | D:7      | Reached skill level 4 in Fighting
  8145 | D:7      | Reached skill level 10 in Unarmed Combat
  8145 | D:7      | Reached skill level 7 in Invocations
  8217 | D:8      | Reached skill level 7 in Dodging
  8238 | D:8      | Found Etukizyi's Assorted Antiques.
  8266 | D:8      | Reached XP level 10. HP: 43/73 MP: 15/15
  8271 | D:8      | Reached ** piety under Qazlal
  8308 | D:8      | You add the spells Conjure Flame, Ignite Poison and Sticky
                  | Flame to your library.
  8392 | D:8      | Noticed Maurice
  8415 | D:8      | Killed Maurice
  8570 | D:8      | Reached skill level 8 in Invocations
  8871 | D:8      | Found a staircase to the Lair.
  9027 | D:9      | Reached skill level 5 in Fighting
  9145 | D:9      | Reached skill level 9 in Invocations
  9383 | D:9      | Identified the +3 rapier of Equivalence {vorpal, Int+2}
  9496 | D:10     | Entered Level 10 of the Dungeon
  9496 | D:10     | Found Tuxivuh's Weapon Shoppe.
  9549 | D:10     | Found Gozag's Platinum Reserve.
  9562 | D:10     | HP: 17/74 [centaur/arrow (9)]
  9564 | D:10     | HP: 5/74 [centaur/arrow (5)]
  9588 | D:10     | HP: 16/73 [wight/+3 spear of freezing (8)]
  9600 | D:10     | Reached *** piety under Qazlal
  9621 | D:10     | Noticed a gargoyle
  9631 | D:10     | Killed a gargoyle
  9700 | D:10     | You add the spells Tukima's Dance, Passage of Golubria and
                  | Yara's Violent Unravelling to your library.
  9803 | D:10     | Reached skill level 11 in Unarmed Combat
  9809 | D:10     | HP: 14/74 [troll (15)]
  9810 | D:10     | Slain by a troll

Vanquished Creatures
  Amaemon (D:7)
  Maurice (D:8)
  A gargoyle (D:10)
  An orange demon (D:7)
  Grinder (D:4)
  3 yaks (D:9)
  A wyvern (D:9)
  2 steam dragons
  A water moccasin (D:4)
  Pargi (D:4)
  An acid dragon (D:10)
  An ice beast (D:6)
  A sky beast (D:6)
  3 orc warriors
  2 ogres
  A centaur (D:10)
  2 kobold brigands
  3 bullfrogs
  A gnoll sergeant (D:10)
  3 necrophages
  4 scorpions
  4 wights (D:10)
  25 killer bees
  A vampire bat (D:6)
  An electric eel (D:10)
  2 howler monkeys (D:9)
  3 jellies (D:7)
  5 hounds
  4 orc priests
  2 gnoll boudas
  Ijyb (D:5)
  2 iguanas
  7 orc wizards
  Robin (D:2)
  9 adders
  15 gnolls
  A shadow imp (D:6)
  2 white imps (D:7)
  An ufetubus (D:6)
  3 dart slugs
  16 orcs
  4 bats
  A bat skeleton (D:6)
  4 bat zombies (D:6)
  7 endoplasms
  5 giant cockroaches
  15 goblins
  10 hobgoblins
  3 jackals (D:1)
  4 quokkas
  5 ball pythons
  2 frilled lizards
  9 kobolds
  4 rats
  2 butterflies (D:7)
215 creatures vanquished.

Table legend:
 A = Non-vault XP
 B = Vault XP
 C = Vault XP percentage of total XP
 D = Non-vault monster count
 E = Vault monster count
 F = Vault count percentage of total count
                 A         B        C        D         E       F
            +---------+---------+-------+---------+---------+-------
      Total |    7451 |    2249 |  23.2 |     185 |      28 |  13.1
            +---------+---------+-------+---------+---------+-------
        D:1 |      47 |       0 |   0.0 |      24 |       0 |   0.0
        D:2 |      58 |      26 |  31.0 |      15 |       7 |  31.8
        D:3 |      17 |      10 |  37.0 |       9 |       5 |  35.7
        D:4 |     618 |     432 |  41.1 |      21 |       2 |   8.7
        D:5 |     525 |      35 |   6.2 |      11 |       1 |   8.3
        D:6 |     692 |      67 |   8.8 |      12 |       6 |  33.3
        D:7 |     768 |    1194 |  60.9 |      17 |       6 |  26.1
        D:8 |    2023 |     485 |  19.3 |      45 |       1 |   2.2
        D:9 |    1554 |       0 |   0.0 |      17 |       0 |   0.0
       D:10 |    1149 |       0 |   0.0 |      14 |       0 |   0.0
            +---------+---------+-------+---------+---------+-------

Illustrated notes

Table legend:
 A = Kills in this place as a percentage of kills in entire the game.
 B = Kills by you in this place as a percentage of kills by you in the entire game.
 C = Kills by friends in this place as a percentage of kills by friends in the entire game.
 D = Other kills in this place as a percentage of other kills in the entire game.
 E = Experience gained in this place as a percentage of experience gained in the entire game.
 F = Experience gained in this place divided by the number of levels of this place that you have seen.
                   A       B       C       D       E      F
               +-------+-------+-------+-------+-------+----------------------
         Total | 100.0 | 100.0 |   N/A |   N/A | 100.0 | 881.8
       Dungeon | 100.0 | 100.0 |   N/A |   N/A | 100.0 | 970.0
               +-------+-------+-------+-------+-------+----------------------

Table legend: (Time is in decaauts)
 A = Elapsed time spent in this place.
 B = Non-inter-level travel time spent in this place.
 C = Inter-level travel time spent in this place.
 D = Time resting spent in this place.
 E = Time spent auto-exploring this place.
 F = Levels seen in this place.
 G = Mean time per level.
                   A        B        C        D        E       F      G
               +--------+--------+--------+--------+--------+-----+--------+
         Total |   9710 |   9360 |    350 |    841 |   6876 |  11 |  882.7 |
       Dungeon |   9692 |   9350 |    342 |    841 |   6876 |  10 |  969.2 |
        Temple |     17 |     10 |      7 |      0 |      0 |   1 |   17.0 |
               +--------+--------+--------+--------+--------+-----+--------+

Top non-repeatable levels by time:
     D:4: 2123 daAuts
     D:5: 1386 daAuts
     D:8: 1076 daAuts
     D:7: 1069 daAuts
     D:1: 992 daAuts
     D:2: 844 daAuts
     D:6: 794 daAuts
     D:9: 551 daAuts
     D:3: 547 daAuts
    D:10: 306 daAuts
  Temple: 17 daAuts
